 Dungeon Crawl Stone Soup version 0.22.0 (webtiles) character file.

9478 mopl the Grappler (level 11, -2/105 HPs)
             Began as a Troll Monk on Aug 11, 2018.
             Was a High Priest of Cheibriados.
             Slain by a freezing wraith (12 damage)
             ... led by a death knight
             ... on level 11 of the Dungeon.
             The game lasted 00:17:18 (7213 turns).

mopl the Grappler (Troll Monk)                      Turns: 7213, Time: 00:17:19

Health: -2/105     AC:  6    Str: 33    XL:     11   Next: 23%
Magic:  0/25       EV: 13    Int: 21    God:    Cheibriados [*****.]
Gold:   113        SH:  0    Dex: 24    Spells: 10/10 levels left

rFire    . . .     SeeInvis +     - Unarmed
rCold    . . .     Gourm    +   (no shield)
rNeg     . . .     Faith    .   K - +1 robe {MR+}
rPois    .         Spirit   +   (helmet restricted)
rElec    .         Reflect  .   (no cloak)
rCorr    .         Harm     .   (gloves unavailable)
MR       +....                  (boots unavailable)
Stlth    ++........             i - amulet of guardian spirit
HPRegen  0.67/turn              m - ring of magical power
MPRegen  0.19/turn              Q - ring of see invisible

@: slowed, very slow
A: large, unfitting armour, claws 3, fast metabolism 3, gourmand, regeneration
1, shaggy fur 1, tough skin 2
a: Bend Time, Temporal Distortion, Slouch, Step From Time, Renounce Religion


You were on level 11 of the Dungeon.
You worshipped Cheibriados.
Cheibriados was extremely pleased with you.
You were completely stuffed.

You visited 1 branch of the dungeon, and saw 11 of its levels.

You collected 480 gold pieces.
You spent 367 gold pieces at shops.

Inventory:

Hand Weapons
 O - a +0 scimitar of flaming
Missiles
 l - 66 poisoned needles
 s - 8 javelins (quivered)
 u - 3 throwing nets
 w - 3 tomahawks of returning
 A - 7 tomahawks
 E - 8 needles of confusion
Armour
 z - a +2 robe of cold resistance
 K - a +1 robe of magic resistance (worn)
 P - +0 acid dragon scales
Jewellery
 i - an amulet of guardian spirit (around neck)
 m - a ring of magical power (left claw)
 Q - a ring of see invisible (right claw)
Wands
 a - a wand of paralysis (7)
 p - a wand of enslavement (5)
 B - a wand of flame (25)
 I - a wand of digging (10)
 J - a wand of iceblast (9)
Scrolls
 c - 7 scrolls of teleportation
 d - 5 scrolls of remove curse
 j - 2 scrolls of noise {unknown}
 k - 4 scrolls of enchant weapon {unknown}
 n - 2 scrolls of immolation {unknown}
 o - 2 scrolls of fog {unknown}
 x - 4 scrolls of enchant armour
 y - 4 scrolls of amnesia {unknown}
 C - 4 scrolls of random uselessness {unknown}
 F - 2 scrolls of blinking {unknown}
 G - 2 scrolls of fear {unknown}
 H - a scroll of brand weapon {unknown}
 N - 2 scrolls of magic mapping
Potions
 e - 2 potions of resistance
 f - 2 potions of mutation {!q}
 g - 3 potions of curing
 h - 2 potions of might
 q - 3 potions of heal wounds
 r - a potion of ambrosia
 t - 2 potions of agility
 v - a potion of cancellation
 D - 2 potions of flight {unknown}
 L - a potion of magic
 R - a potion of invisibility
Comestibles
 b - 17 rations
 M - 8 chunks of flesh


   Skills:
 + Level 5.9 Fighting
 + Level 5.8 Throwing
 + Level 3.8 Dodging
 - Level 1.0 Stealth
 * Level 11.2 Unarmed Combat
 * Level 8.5 Invocations
 + Level 2.4 Evocations


You had 10 spell levels left.
You didn't know any spells.
Your spell library contained the following spells:

 Spells                   Type           Power        Failure   Level  Hunger
 Spider Form              Tmut/Pois      #.........   47%         3    ####...
 Blade Hands              Tmut           #.........   99%         5    ######.
 Ice Form                 Ice/Tmut       #.......     87%         4    #####..
 Sticks to Snakes         Tmut           #.......     26%         2    ###....
 Beastly Appendage        Tmut           #.....       19%         1    ##.....


Dungeon Overview and Level Annotations

Branches:
Dungeon (11/15)            Temple (0/1) D:5            Lair (0/6) D:9
    Orc: D:9-12

Altars:
Ashenzari
Cheibriados
Dithmenos
Gozag
Hepliaklqana
Makhleb
Nemelex Xobeh
Ru
Sif Muna
Trog
Zin
The Shining One

Shops:
D:6 *   D:9 *


Innate Abilities, Weirdness & Mutations

You are too large for most types of armour.
You have claws for hands.
Your metabolism is lightning-fast.
You like to eat raw meat.
Your natural rate of healing is unusually fast.
You are covered in fur. (AC +1)
You have very tough skin. (AC +2)


Message History

The freezing wraith hits you! The freezing wraith freezes you!
* * * LOW HITPOINT WARNING * * *
The freezing wraith barely misses you.
You mangle the freezing wraith!!
You destroy the freezing wraith!
Cheibriados thoroughly appreciates the change of pace.
You claw the freezing wraith!
The freezing wraith is moderately damaged.
The freezing wraith closely misses you. The freezing wraith hits you.
* * * LOW HITPOINT WARNING * * *
The freezing wraith drains your vigour!
You feel yourself slow down. The flow of time bends around you.
Cheibriados rebukes the freezing wraith.
The freezing wraith seems to slow down.
You feel slightly less full. The freezing wraith hits you!
* * * LOW HITPOINT WARNING * * *
The freezing wraith freezes you!
* * * LOW HITPOINT WARNING * * *
The freezing wraith hits you!
You die...

(.. (. #( #####.###
.)......# ......[.#
######### ....(...#
#.......# #W#
#.......# #@##
#.......# #..#
#.......# ##.#
#####.......#
#.###........<..#
##.....######.####
#....))# #.####
#....####.######...<.
...#######)##.....####
.. .[.........###.#


You could see a freezing wraith.

Vanquished Creatures
  Harold (D:9)
  A catoblepas (D:9)
  Erica (D:9)
  A wolf spider (D:11)
  2 gargoyles (D:10)
  2 centaur skeletons (D:10)
  A freezing wraith (D:11)
  A troll (D:9)
  A hippogriff (D:9)
  A wraith (D:9)
  11 yaks
  A wyvern (D:9)
  A hungry ghost (D:8)
  2 wargs (D:9)
  A water moccasin (D:10)
  An acid dragon (D:10)
  4 orc warriors
  A hornet zombie (D:5)
  A black bear (D:7)
  A sky beast (D:9)
  4 ogres
  A centaur (D:7)
  3 big kobolds
  4 bullfrogs
  A water moccasin skeleton (D:7)
  5 killer bees (D:9)
  5 wights (D:5)
  3 crimson imps (D:9)
  3 bullfrog zombies
  A hound (D:9)
  A jelly (D:10)
  9 orc wizards
  3 orc priests
  Jessica (D:8)
  2 iguanas
  4 worker ants
  Ijyb (D:3)
  2 hound skeletons
  A howler monkey zombie (D:10)
  7 adders
  3 oozes
  2 adder zombies
  5 worms
  2 dart slugs
  6 leopard geckos
  29 orcs
  2 ball pythons
  3 giant cockroaches
  3 goblins
  8 hobgoblins
  16 jackals
  27 kobolds
  3 quokkas
  10 bats
  4 frilled lizards
  A quokka skeleton (D:4)
  A quokka zombie (D:7)
  10 rats
232 creatures vanquished.

Vanquished Creatures (others)
  A kobold (D:9)
1 creature vanquished.

Grand Total: 233 creatures vanquished

Notes
Turn   | Place    | Note
-------+----------+-------------------------------------------
     0 | D:1      | mopl the Troll Monk began the quest for the Orb.
     0 | D:1      | Reached XP level 1. HP: 22/22 MP: 0/0
   185 | D:1      | Reached XP level 2. HP: 25/29 MP: 1/1
   419 | D:1      | Reached skill level 4 in Unarmed Combat
   559 | D:1      | Reached XP level 3. HP: 36/36 MP: 2/2
  1109 | D:2      | Found a sparkling altar of Nemelex Xobeh.
  1297 | D:2      | Reached XP level 4. HP: 41/44 MP: 3/3
  1406 | D:2      | Found a shadowy altar of Dithmenos.
  1410 | D:2      | Found a sacrificial altar of Ru.
  1410 | D:2      | Found an opulent altar of Gozag.
  1410 | D:2      | Found a glowing golden altar of the Shining One.
  1411 | D:2      | Found a glowing silver altar of Zin.
  1425 | D:2      | Reached skill level 5 in Unarmed Combat
  1884 | D:3      | Noticed Ijyb
  1895 | D:3      | Killed Ijyb
  1999 | D:3      | Reached XP level 5. HP: 50/50 MP: 4/4
  2145 | D:3      | Reached skill level 6 in Unarmed Combat
  2331 | D:3      | Found a snail-covered altar of Cheibriados.
  2369 | D:3      | Became a worshipper of Cheibriados the Contemplative
  2369 | D:3      | Reached * piety under Cheibriados
  2369 | D:3      | Reached ** piety under Cheibriados
  2636 | D:4      | Reached skill level 1 in Invocations
  2636 | D:4      | Reached XP level 6. HP: 46/59 MP: 5/5
  2683 | D:4      | Reached skill level 1 in Throwing
  2826 | D:5      | Entered Level 5 of the Dungeon
  2936 | D:5      | Found a bloodstained altar of Trog.
  2948 | D:5      | Reached skill level 2 in Invocations
  2954 | D:5      | Found a staircase to the Ecumenical Temple.
  2983 | D:5      | Reached skill level 7 in Unarmed Combat
  2983 | D:5      | Reached XP level 7. HP: 30/66 MP: 7/7
  3047 | D:5      | Reached skill level 3 in Fighting
  3131 | D:5      | Reached *** piety under Cheibriados
  3135 | D:5      | Reached skill level 2 in Throwing
  3143 | D:5      | Reached skill level 3 in Invocations
  3283 | D:5      | Found a hazy altar of Hepliaklqana.
  3326 | D:6      | Found a bloodstained altar of Trog.
  3563 | D:6      | Found Toaxuupn's Assorted Antiques.
  3569 | D:6      | Bought a scroll labeled NUKID VYVEW for 24 gold pieces
  3569 | D:6      | Bought an emerald potion for 21 gold pieces
  3569 | D:6      | Bought a scroll of identify for 48 gold pieces
  3569 | D:6      | Bought a scroll of teleportation for 72 gold pieces
  3779 | D:6      | Reached XP level 8. HP: 69/75 MP: 9/9
  4546 | D:7      | Reached skill level 8 in Unarmed Combat
  4546 | D:7      | Reached skill level 4 in Invocations
  4702 | D:7      | Found a burning altar of Makhleb.
  5053 | D:8      | Reached skill level 3 in Throwing
  5076 | D:8      | Found a shattered altar of Ashenzari.
  5128 | D:8      | Reached skill level 4 in Fighting
  5313 | D:8      | Noticed Jessica
  5335 | D:8      | Killed Jessica
  5356 | D:8      | Found a deep blue altar of Sif Muna.
  5574 | D:9      | Reached skill level 5 in Invocations
  5576 | D:9      | Noticed a catoblepas
  5577 | D:9      | Reached **** piety under Cheibriados
  5600 | D:9      | Killed a catoblepas
  5600 | D:9      | Reached skill level 9 in Unarmed Combat
  5600 | D:9      | Reached XP level 9. HP: 40/85 MP: 7/12
  5608 | D:9      | Reached skill level 4 in Throwing
  5662 | D:9      | Reached skill level 6 in Invocations
  5830 | D:9      | Noticed Harold
  5830 | D:9      | Noticed a troll
  5842 | D:9      | Killed a troll
  5855 | D:9      | Killed Harold
  5855 | D:9      | Reached skill level 5 in Fighting
  5855 | D:9      | Reached skill level 10 in Unarmed Combat
  5855 | D:9      | Reached skill level 7 in Invocations
  5855 | D:9      | Reached XP level 10. HP: 36/96 MP: 6/14
  6006 | D:9      | Found Foar's General Store.
  6009 | D:9      | Bought a scroll of magic mapping for 52 gold pieces
  6009 | D:9      | Bought a scroll of identify for 30 gold pieces
  6030 | D:9      | Found a staircase to the Lair.
  6433 | D:10     | Entered Level 10 of the Dungeon
  6433 | D:10     | Noticed Erica
  6497 | D:9      | Reached skill level 5 in Throwing
  6497 | D:9      | Reached skill level 1 in Evocations
  6511 | D:9      | Killed Erica
  6511 | D:9      | Reached skill level 3 in Dodging
  6643 | D:10     | Reached ***** piety under Cheibriados
  6645 | D:10     | Noticed a gargoyle
  6650 | D:10     | Killed a gargoyle
  6668 | D:10     | Reached skill level 8 in Invocations
  6702 | D:10     | Reached skill level 2 in Evocations
  6866 | D:10     | Reached XP level 11. HP: 86/105 MP: 16/16
  6870 | D:10     | Reached skill level 11 in Unarmed Combat
  7115 | D:9      | Bought a potion of magic for 120 gold pieces
  7192 | D:11     | Noticed a wolf spider
  7201 | D:11     | Killed a wolf spider
  7213 | D:11     | Slain by a freezing wraith

Skill      XL: |  1  2  3  4  5  6  7  8  9 10 11 |
---------------+----------------------------------+-----
Unarmed Combat | 4 5 6 7 9 10 11 | 11.2
Invocations    | 1 2 3 5 7 8 |  8.5
Throwing       | 1 2 3 4 5 |  5.8
Fighting       | 3 4 5 |  5.9
Evocations     | 2 |  2.4
Dodging        | 3 |  3.8
Stealth        | |  1.0

Action                   |  1- 3 |  4- 6 |  7- 9 | 10-12 || total
-------------------------+-------+-------+-------+-------++-------
Melee: Unarmed           |   113 |   159 |   219 |   178 ||   669
       Punch             |     4 |     3 |    13 |    20 ||    40
Throw: Javelin           |       |       |       |     4 ||     4
Invok: Bend Time         |       |       |     4 |     2 ||     6
  Use: Scroll            |       |       |    10 |     5 ||    15
       Potion            |       |       |     2 |     2 ||     4
 Stab: Sleeping          |     3 |     2 |     2 |     1 ||     8
       Petrified         |       |       |     6 |       ||     6
       Invisible         |       |       |     2 |     2 ||     4
  Eat: Chunk             |    17 |    14 |    24 |     9 ||    64
Armor: Robe              |    33 |    41 |    58 |    35 ||   167
       Skin              |       |       |       |     2 ||     2
Dodge: Dodged            |    52 |    74 |    91 |    95 ||   312
